 Dungeon Crawl Stone Soup version 0.27.1-33-g824d729ab1 (webtiles) character file.

Game seed: 16800914836973184332

12997484 KamiKatze the Axe Maniac (level 27, 199/199 HPs)
             Began as a Gargoyle Berserker on Dec 28, 2021.
             Was the Champion of the Shining One.
             Escaped with the Orb
             ... and 15 runes on Dec 30, 2021!
             The game lasted 12:11:12 (124962 turns).

KamiKatze the Axe Maniac (Gargoyle Berserker)     Turns: 124962, Time: 12:11:13

Health: 199/199    AC: 69    Str: 36      XL:     27
Magic:  50/50      EV: 17    Int:  8 (9)  God:    the Shining One [******]
Gold:   15487      SH:  0    Dex: 18 (19) Spells: 45/72 levels left

rFire    + + +     SeeInvis +   a - +9 executioner's axe (holy)
rCold    + . .     Faith    .   (shield currently unavailable)
rNeg     + + +     Spirit   .   N - +12 gold dragon scales
rPois    ∞         Reflect  .   s - +0 mask of the Dragon {Will+ Slay+3 SInv}
rElec    +         Harm     .   y - +2 cloak {Will+}
rCorr    +         Rampage  .   W - +0 pair of gloves {Str+3}
Will     ++++.                  p - +1 pair of boots {Stlth+}
Stlth    ..........             q - amulet of regeneration
HPRegen  1.43/turn              M - ring "Abebapes" {rPois rC+ rN+ Dex+6}
MPRegen  0.32/turn              t - ring "Ydut" {rF+ rC- rCorr Dex+4}

@: flying, glowing
A: sickness immunity, AC +20, big wings, negative energy resistance 1,
electricity resistance, torment resistance 1, petrification resistance, talons
1, camouflage 1, fire resistance 1, inhibited regeneration
0: Orb of Zot
}: 15/15 runes: decaying, serpentine, slimy, silver, golden, iron, obsidian,
icy, bone, abyssal, demonic, glowing, magical, fiery, dark
a: Renounce Religion, Divine Shield, Cleansing Flame, Summon Divine Warrior


You escaped.
You worshipped the Shining One.
The Shining One was exalted by your worship.
You visited 18 branches of the dungeon, and saw 90 of its levels.
You visited Pandemonium 3 times, and saw 21 of its levels.
You visited the Abyss 1 time.
You also visited: Sewer, Gauntlet and Ice Cave.

You collected 18940 gold pieces.
You spent 3453 gold pieces at shops.

Inventory:

Hand Weapons
 a - a +9 executioner's axe of holy wrath (weapon)
 b - a +9 antimagic executioner's axe
 w - a +6 broad axe of flaming
Missiles
 v - 5 throwing nets (quivered)
Armour
 p - a +1 pair of boots of stealth (worn)
 s - the +0 mask of the Dragon (worn) {Will+ Slay+3 SInv}
   (You bought it in a shop on level 12 of the Dungeon)

   Slay:      It affects your accuracy & damage with ranged weapons and melee
   (+3).
   SInv:      It lets you see invisible.
   Will:      It increases your willpower.
 y - a +2 cloak of willpower (worn)
 N - +12 gold dragon scales (worn)
 W - a +0 pair of gloves of strength (worn)
Jewellery
 q - an amulet of regeneration (around neck)
 r - the ring of the Trout {rF+ MP+9}
   (You found it in a Gauntlet)

   [ring of magical power]

   rF:        It protects you from fire.
   MP:        It affects your magic capacity (+9).
 t - the ring "Ydut" (right hand) {rF+ rC- rCorr Dex+4}
   (You found it on level 1 of the Swamp)

   [ring of protection from fire]

   Dex:       It affects your dexterity (+4).
   rF:        It protects you from fire.
   rC:        It makes you vulnerable to cold.
   rCorr:     It protects you from acid and corrosion.
 D - the ring "Finuyh" {rN+ Will+ Str+6}
   (You found it on level 3 of the Snake Pit)

   [ring of strength]

   Str:       It affects your strength (+6).
   rN:        It protects you from negative energy.
   Will:      It increases your willpower.
 H - a +6 ring of intelligence
 M - the ring "Abebapes" (left hand) {rPois rC+ rN+ Dex+6}
   (You found it on level 4 of the Swamp)

   [ring of protection from cold]

   Dex:       It affects your dexterity (+6).
   rC:        It protects you from cold.
   rPois:     It protects you from poison.
   rN:        It protects you from negative energy.
 Q - the ring of the Original Sin {Will++ rCorr AC+4 Dex-3 SInv}
   (You found it on level 5 of the Vaults)

   [ring of protection]

   AC:        It affects your AC (+4).
   Dex:       It affects your dexterity (-3).
   SInv:      It lets you see invisible.
   rCorr:     It protects you from acid and corrosion.
   Will:      It greatly increases your willpower.
 T - the ring "Quih" {+Blink rPois Will+ Str+3}
   (You found it in Pandemonium)

   [ring of poison resistance]

   Str:       It affects your strength (+3).
   rPois:     It protects you from poison.
   +Blink:    It lets you blink.
   Will:      It increases your willpower.
Wands
 d - a wand of digging (25)
 n - a wand of flame (247)
 x - a wand of polymorph (38)
 B - a wand of mindburst (156)
 G - a wand of iceblast (79)
 S - a wand of acid (28)
 Y - a wand of paralysis (55)
Scrolls
 c - 7 scrolls of amnesia
 g - 63 scrolls of identify
 j - 3 scrolls of blinking
 o - 2 scrolls of silence
 u - 10 scrolls of magic mapping
 z - 15 scrolls of fog
 C - 4 scrolls of summoning
 F - 33 scrolls of teleportation
 I - 5 scrolls of enchant weapon
 O - 13 scrolls of fear
 U - 2 scrolls of enchant armour
Potions
 e - 2 potions of berserk rage
 h - 13 potions of lignification
 k - 13 potions of attraction
 l - 16 potions of might
 m - 18 potions of heal wounds
 A - 4 potions of brilliance
 E - a potion of resistance
 L - 40 potions of curing
 P - 3 potions of haste
 R - a potion of ambrosia
 V - 7 potions of magic
 Z - 7 potions of cancellation
Miscellaneous
 f - a figurine of a ziggurat
 i - a tin of tremorstones (2/2)
 J - a phantom mirror
 K - a phial of floods
 X - a lightning rod (4/4)


   Skills:
 O Level 27 Fighting
 O Level 27 Axes
 O Level 27 Armour
 + Level 16.4 Dodging
 - Level 16.0 Shields
 * Level 23.1 Spellcasting
 * Level 22.0 Translocations
 O Level 27 Fire Magic
 * Level 23.6 Earth Magic
 - Level 18.5 Invocations
 - Level 12.7 Evocations


You had 45 spell levels left.
You knew the following spells:

 Your Spells              Type           Power      Damage    Failure   Level
e - Manifold Assault      Tloc           44%        N/A       1%          5
k - Ignition              Fire           25%        3d9       1%          8
s - Shatter               Erth           23%        3d20*     71%         9
w - Passwall              Tmut/Erth      23%        N/A       1%          2
x - Blink                 Tloc           N/A        N/A       0%          2
z - Apportation           Tloc           88%        N/A       0%          1

Your spell library contained the following spells:

 Spells                   Type           Power      Damage    Failure   Level
 Gell's Gravitas          Tloc           22%        N/A       0%          3
 Lesser Beckoning         Tloc           22%        N/A       0%          3
 Teleport Other           Tloc           44%        N/A       0%          3
 Foxfire                  Conj/Fire      100%       2x1d9     1%          1
 Conjure Flame            Conj/Fire      30%        6-21      1%          3
 Inner Flame              Hex/Fire       30%        N/A       1%          3
 Stone Arrow              Conj/Erth      56%        3d10      1%          3
 Animate Armour           Summ/Erth      56%        N/A       1%          4
 Iskenderun's Mystic Bla  Conj/Tloc      26%        2d7       1%          4
 Petrify                  Tmut/Erth      28%        N/A       1%          4
 Sticky Flame             Conj/Fire      30%        2d5       1%          4
 Bolt of Magma            Conj/Fire/Erth 18%        4d10      1%          5
 Fireball                 Conj/Fire      15%        3d8       1%          5
 Lee's Rapid Deconstruct  Erth           23%        3d14*     1%          5
 Borgnjor's Vile Clutch   Necr/Erth      14%        N/A       3%          5
 Summon Forest            Summ/Tloc      13%        N/A       4%          5
 Starburst                Conj/Fire      15%        6d6       10%         6
 Animate Skeleton         Necr           18%        N/A       17%         1
 Beastly Appendage        Tmut           18%        N/A       17%         1
 Corona                   Hex            10%        N/A       17%         1
 Magic Dart               Conj           36%        1d4       17%         1
 Shock                    Conj/Air       36%        1d5       17%         1
 Summon Small Mammal      Summ           36%        N/A       17%         1
 Iron Shot                Conj/Erth      14%        9d4       21%         6
 Corpse Rot               Necr/Air       N/A        N/A       26%         2
 Ensorcelled Hibernation  Hex/Ice        18%        N/A       26%         2
 Poisonous Vapours        Pois/Air       18%        N/A       26%         2
 Searing Ray              Conj           18%        3d3       26%         2
 Slow                     Hex            9%         N/A       26%         2
 Static Discharge         Conj/Air       9%         N/A       26%         2
 Wereblood                Tmut           9%         N/A       26%         2
 Call Canine Familiar     Summ           9%         N/A       45%         3
 Confusing Touch          Hex            9%         N/A       45%         3
 Dazzling Flash           Conj/Hex       18%        N/A       45%         3
 Ozocubu's Armour         Ice            9%         N/A       45%         3
 Spider Form              Tmut/Pois      4%         N/A       45%         3
 Summon Guardian Golem    Hex/Summ       9%         N/A       45%         3
 Swiftness                Air            9%         N/A       45%         3
 Tukima's Dance           Hex            9%         N/A       45%         3
 Vampiric Draining        Necr           4%         2d6       45%         3
 Airstrike                Air            4%         N/A       86%         4
 Cause Fear               Hex            4%         N/A       86%         4
 Dispel Undead            Necr           9%         3d8       86%         4
 Fulminant Prism          Conj/Hex       4%         3d6       86%         4
 Hailstorm                Conj/Ice       9%         3d4       86%         4
 Ice Form                 Ice/Tmut       9%         N/A       86%         4
 Summon Ice Beast         Ice/Summ       9%         N/A       86%         4
 Summon Lightning Spire   Summ/Air       9%         N/A       86%         4
 Agony                    Necr           9%         N/A       99%         5
 Blade Hands              Tmut           4%         N/A       99%         5
 Excruciating Wounds      Necr           4%         N/A       99%         5
 Freezing Cloud           Conj/Ice/Air   4%         6-21      99%         5
 Irradiate                Conj/Tmut      4%         3d15      99%         5
 Iskenderun's Battlesphe  Conj           9%         2d6       99%         5
 Lightning Bolt           Conj/Air       4%         1d16      99%         5
 Metabolic Englaciation   Hex/Ice        4%         N/A       99%         5
 Silence                  Hex/Air        4%         N/A       99%         5
 Summon Mana Viper        Hex/Summ       9%         N/A       99%         5
 Yara's Violent Unravell  Hex/Tmut       4%         3d4       99%         5
 Death Channel            Necr           4%         N/A       100%        6
 Invisibility             Hex            4%         N/A       100%        6
 Shadow Creatures         Summ           N/A        N/A       100%        6
 Simulacrum               Ice/Necr       4%         N/A       100%        6
 Haunt                    Necr/Summ      4%         N/A       100%        7
 Spellforged Servitor     Conj/Summ      4%         N/A       100%        7
 Storm Form               Tmut/Air       4%         N/A       100%        7
 Summon Hydra             Summ           4%         N/A       100%        7
 Borgnjor's Revivificati  Necr           4%         N/A       100%        8
 Discord                  Hex            4%         N/A       100%        8
 Lehudib's Crystal Spear  Conj/Erth      14%        10d5      100%        8
 Sublimation of Blood     Necr           Unusable   N/A       N/A         2

Dungeon Overview and Level Annotations

Branches:
Dungeon (15/15)            Temple (1/1) D:5            Lair (6/6) D:11
  Swamp (4/4) Lair:3        Snake (4/4) Lair:3        Slime (5/5) Lair:5
    Orc (2/2) D:11            Elf (3/3) Orc:2        Vaults (5/5) D:14
  Crypt (3/3) Vaults:3       Tomb (3/3) Crypt:3      Depths (5/5) D:15
   Hell (visited)             Dis (7/7) Hell            Geh (7/7) Hell
    Coc (7/7) Hell            Tar (7/7) Hell            Zot (5/5) Depths:5
  Sewer (visited)           IceCv (visited)         Gauntlet (visited)

Altars:
Ashenzari
Cheibriados
Dithmenos
Elyvilon
Fedhas
Gozag
Hepliaklqana
Kikubaaqudgha
Makhleb
Nemelex Xobeh
Okawaru
Qazlal
Ru
Sif Muna
Trog
Uskayaw
Vehumet
Wu Jian
Xom
Yredelemnul
Zin
The Shining One
Jiyva

Shops:
D:6 [   D:7 [   D:8 *   D:12 ([(?[   D:15 *   Orc:2 :*[(   Elf:2 *
Snake:1 ::=   Snake:2 **   Vaults:3 (

Portals:
Hell: Depths:1 Depths:2 Depths:3 Depths:4 Depths:5
Abyss: Depths:4
Pandemonium: Depths:3
Ziggurat: Depths:1

Annotations:
Geh:7 exclusion: 2 doors
Zot:5 exclusions: obsidian statue and orange crystal statue


Innate Abilities, Weirdness & Mutations

You are immune to sickness and miasma.
Your stone body is resilient. (AC +20)
You are immune to poison.
Your large and strong wings let you fly.
You resist negative energy. (rN+)
You are resistant to electric shocks. (rElec)
You are resistant to unholy torment.
You are immune to petrification.
You have sharp toenails.
Your skin changes colour to match your surroundings (Stealth+).
Your flesh is heat resistant. (rF+)
You do not regenerate when monsters are visible.


Message History

A hellwing comes into view.
Unknown command.
(D) Dungeon (T) Temple (L) Lair (S) Swamp (P) Snake Pit (M) Slime Pits (O) Orcish Mines (E) Elven Halls (V) Vaults (C) Crypt (W) Tomb (U) Depths (H) Hell (I) Dis (G) Gehenna (X) Cocytus (Y) Tartarus (Z) Zot
Where to? (* - list waypoints, Enter - D:1 @ (x,y), ? - help)
What level of the Dungeon? (default 1, ? - help)
A hellwing is nearby!
There is a stone staircase leading up here.
You fly upwards.
There is a stone staircase leading down here.
(D) Dungeon (T) Temple (L) Lair (S) Swamp (P) Snake Pit (M) Slime Pits (O) Orcish Mines (E) Elven Halls (V) Vaults (C) Crypt (W) Tomb (U) Depths (H) Hell (I) Dis (G) Gehenna (X) Cocytus (Y) Tartarus (Z) Zot
Where to? (* - list waypoints, Enter - D:1 @ (x,y), ? - help)
You see here a +0 mace.
You see here 13 stones.
You see here a +0 spear.
There is a stone staircase leading up here.
You fly upwards.
There is a stone staircase leading down here.
There is a stone staircase leading up here.
You fly upwards.
There is a stone staircase leading down here.
A monstrous demonspawn comes into view.
The monstrous demonspawn shouts!
You slice the monstrous demonspawn like a ripe choko!!!!
The monstrous demonspawn convulses!!!
You kill the monstrous demonspawn!
The Shining One accepts your kill.
No target in view!
There is a large open door here.
There is a staircase leading out of the dungeon here.
Unknown command.
You can't go down here!
You have escaped!

#.........♣.........P.....#####
#..#.....♣P..[♣...♣....♣#.....#
#..###..............PP###..##.#
#...########P...########...##.#
###..###.♣.#....#P.♣ ##..#.##.#
##..###.P##''##..# #..#......
##.# #'##P...##'# #.######..
#.# #..........# #.# #.. #.#
#P♣...@..PP# #.######..
#.####PPP♣P♣♣P####.##......
#..##############..##.####.
##..####♣PP♣####......# #.
##...##P..P##..:####'#####
###..##''##..###.........
#.#......### #.......##
#....##### #.........
#####.#### ######'###


There were no monsters in sight!

Vanquished Creatures
  Antaeus (Coc:7)
  Asmodeus (Geh:7)
  the Royal Jelly (Slime:5)
  Gloorx Vloq (Pan)
  A seraph (Pan)
  Mnoleg (Pan)
  4 dread liches
  Lom Lobon (Pan)
  12 pandemonium lords (Pan)
  An orb of fire (Zot:5)
  Mara (Snake:4)
  Mennas (Vaults:5)
  2 ancient liches
  2 juggernauts (Depths:3)
  24 royal mummies
  Sojobo (Depths:1)
  Boris (Tomb:1)
  5 Killer Klowns
  Bai Suzhen (Elf:2)
  Vashnia (Snake:3)
  Frederick (Vaults:5)
  24 shard shrikes
  Geryon (Hell)
  A caustic shrike (Depths:4)
  3 curse toes
  A profane servitor (Crypt:3)
  12 golden dragons
  13 bone dragons
  2 electric golems (Zot:5)
  2 pearl dragons (Pan)
  28 Brimstone Fiends
  40 Tzitzimimeh
  8 iron giants (Dis:7)
  8 doom hounds
  23 tentacled monstrosities
  Rupert (D:14)
  18 Hell Sentinels
  27 Orb Guardians
  24 Ice Fiends
  12 liches
  The ghost of Ninn the Impregnable, an adept GrFi of Gozag (Snake:3)
  14 quicksilver dragons
  2 deep elf master archers (Elf:3)
  4 deep elf blademasters (Elf:3)
  8 titans
  12 sphinxes
  19 ancient champions
  13 acid blobs
  A tentacled starspawn (Abyss:1)
  9 death cobs
  26 Executioners
  9 tengu reavers
  Kirke (Lair:5)
  22 shadow dragons
  5 thorn hunters
  9 azure jellies
  12 storm dragons
  7 nagarajas
  15 daevas (Pan)
  10 rockslimes
  Donald (Snake:2)
  5 draconian knights
  19 fire giants
  4 revenants
  5 draconian monks
  10 iron dragons
  Aizul (Snake:2)
  8 draconian scorchers
  7 deep elf sorcerers
  14 vault wardens
  16 frost giants
  14 warmongers (Pan)
  38 balrugs
  4 draconian shifters
  22 angels (Pan)
  An orc warlord (Orc:1)
  6 deep elf elementalists
  14 ghouls
  29 cacodemons
  The ghost of Kuralita the Martial Artist, a journeyman OpTm of Makhleb (D:15)
  2 curse skulls
  10 ghost moths
  11 draconian stormcallers
  97 reapers
  8 draconian annihilators
  32 very ugly things
  3 spriggan defenders
  10 ophanim (Pan)
  11 quicksilver oozes
  24 apis (Pan)
  25 war gargoyles
  15 ironbound preservers
  13 blood saints (Pan)
  35 stone giants
  4 corrupters (Pan)
  12 red draconians
  14 bennus
  13 vampire knights
  7 black draconians
  22 black suns (Pan)
  10 lorocyprocas (Pan)
  8 green draconians
  5 yellow draconians
  6 deep elf demonologists
  5 bunyips
  10 spark wasps
  10 elemental wellsprings
  12 deep elf annihilators
  8 white draconians
  25 purple draconians
  2 entropy weavers
  11 dire elephants
  A minotaur (Gauntlet)
  9 quicksilver dragon zombies
  Azrael (D:12)
  Snorg (D:12)
  6 eleionomae
  3 eidola
  19 green deaths
  12 ettins
  6 fire dragons
  25 mummy priests
  9 deep elf death magi
  35 blizzard demons
  20 yaktaur captains
  Josephine (D:10)
  16 jiangshi
  23 great orbs of eyes
  6 ironbound thunderhulks
  12 naga warriors
  3 shambling mangroves
  28 vault guards
  8 deep elf high priests
  43 ice dragons
  4 kraken zombies
  11 boulder beetles
  7 spriggan air magi
  7 monstrous demonspawn
  12 rakshasas
  10 quicksilver dragon skeletons
  4 ghost crabs
  2 peacekeepers
  17 hydras
  3 ogre magi
  20 two-headed ogres
  4 hell beasts
  6 ironbound frosthearts
  A catoblepas (D:13)
  A death knight (D:15)
  Erica (D:8)
  19 centaur warriors
  36 dancing weapons
  22 anacondas
  3 tengu warriors
  2 alligators
  2 death yaks (Lair:6)
  19 titan zombies
  3 ironbound beastmasters (Vaults:1)
  8 vampire magi
  4 deep troll earth magi
  47 death scarabs
  8 deep troll shamans
  16 naga sharpshooters
  5 thrashing horrors (Abyss:3)
  A shock serpent (shapeshifter) (Vaults:5)
  17 hell hogs
  99 soul eaters
  8 spriggan berserkers
  5 storm dragon zombies
  39 hell knights
  5 orc high priests
  6 shock serpents
  23 deep elf knights
  122 skeletal warriors
  30 shadow wraiths
  85 sun demons
  3 wretched stars (Abyss:3)
  34 sixfirhies (Pan)
  10 titan skeletons
  4 iron golems (Dis:7)
  2 salamander mystics
  7 storm dragon skeletons
  A death drake (Swamp:4)
  3 ghost moth zombies
  A goliath frog (shapeshifter) (Depths:2)
  9 infernal demonspawn (Pan)
  13 shadow demons
  14 gelid demonspawn (Pan)
  27 iron trolls
  A spectral anaconda (Lair:6)
  7 golden dragon zombies
  9 sea snakes
  An iron giant zombie (Crypt:1)
  11 torturous demonspawn (Pan)
  A bunyip zombie (Crypt:3)
  17 anaconda zombies
  2 obsidian statues
  18 flayed ghosts
  81 deep trolls
  3 goliath frogs
  11 swamp dragons
  6 spriggan druids
  7 glowing orange brains
  7 shadow dragon zombies
  12 harpies
  8 anaconda skeletons
  11 bog bodies
  14 cherubim (Pan)
  6 golden dragon skeletons
  9 orc knights
  18 wizards
  8 ironbound convokers
  4 wolf spider zombies
  An orange crystal statue (IceCv)
  A sphinx zombie (Crypt:1)
  10 deep elf archers
  3 mana vipers
  5 lindwurms
  17 necromancers
  8 iron dragon zombies
  34 deep elf pyromancers
  A wolf spider (D:15)
  10 stone giant zombies
  8 shadow dragon skeletons
  29 phantasmal warriors
  29 deep elf zephyrmancers
  6 orc sorcerers
  A wolf spider (shapeshifter) (Depths:4)
  6 fire giant zombies
  21 cyclopes
  67 ugly things
  5 oklob plants
  A cyclops (shapeshifter) (Vaults:5)
  3 human zombies
  8 will-o-the-wisps
  35 moths of wrath
  3 centaur zombies
  4 manticores
  5 worldbinders
  12 salamanders
  6 shining eyes
  6 iron dragon skeletons
  10 frost giant zombies
  5 stone giant skeletons
  A toenail golem (Depths:2)
  10 fire giant skeletons
  37 rust devils
  Maurice (D:9)
  8 guardian serpents
  The ghost of Skippwaahh the Slasher, a novice DrCK of Xom (D:6)
  6 eyes of devastation
  18 vault sentinels
  2 water nymphs (Abyss:3)
  Maggie (D:8)
  8 dire elephant zombies
  11 naga magi
  3 titan simulacra (Coc:7)
  17 molten gargoyles
  17 cane toads
  8 frost giant skeletons
  37 orange demons
  9 storm dragon simulacra
  35 elephants
  24 black mambas
  An unseen horror (shapeshifter) (Depths:4)
  81 smoke demons
  2 gargoyles (D:13)
  7 dire elephant skeletons
  3 anaconda simulacra
  3 shock serpent skeletons
  2 minotaur zombies
  A rime drake (shapeshifter) (D:14)
  A purple draconian zombie (Crypt:3)
  3 kobold demonologists
  A catoblepas zombie (Crypt:3)
  5 emperor scorpion zombies
  63 freezing wraiths
  A rime drake (Lair:2)
  17 efreet
  47 yaktaurs
  9 komodo dragons
  32 hellions
  10 unseen horrors
  A tengu conjurer (Depths:4)
  22 demonic crawlers
  2 sea snake zombies (Hell)
  A catoblepas skeleton (Tar:7)
  A minotaur skeleton (Tar:7)
  46 red devils
  53 tormentors
  51 ice devils
  22 hellwings
  4 sea snake skeletons (Hell)
  10 golden dragon simulacra
  3 harpy zombies (Dis:3)
  42 guardian mummies
  33 hydra zombies
  20 trolls
  A silent spectre (Tar:7)
  11 tyrant leeches
  7 ancient zymes
  A grey draconian skeleton (Crypt:3)
  A jumping spider (Vaults:2)
  A bloated husk (Swamp:1)
  A black draconian skeleton (Coc:6)
  9 polar bears
  A shadow dragon simulacrum (Coc:4)
  A sphinx simulacrum (Depths:3)
  4 harpy skeletons
  13 hornets
  A snapping turtle (shapeshifter) (Vaults:5)
  Prince Ribbit (D:7)
  12 hydra skeletons
  5 raiju
  126 slime creatures
  8 ice dragon zombies
  7 blink frogs
  11 alligator zombies
  2 iron dragon simulacra
  A dream sheep (shapeshifter) (Depths:2)
  16 ettin zombies
  3 fire dragon zombies
  11 ice dragon skeletons
  2 fire giant simulacra
  2 black mamba zombies
  50 large abominations
  A dire elephant simulacrum (Lair:6)
  12 fire dragon skeletons
  17 ushabtiu
  6 ettin skeletons
  165 flying skulls
  18 shadows
  5 air elementals
  41 wraiths
  3 hogs (Lair:5)
  An alligator skeleton (Geh:7)
  A vampire (D:9)
  5 redbacks
  3 basilisks
  4 black mamba skeletons
  A tarantella (Vaults:4)
  8 wyverns
  51 ynoxinuls
  25 water elementals
  A wind drake zombie (Crypt:3)
  13 spriggans
  64 yaks
  14 fire elementals
  A golden eye (shapeshifter) (Vaults:5)
  A steam dragon (D:6)
  32 chaos spawn
  17 vampire mosquitoes
  A sea snake simulacrum (Hell)
  38 neqoxecs
  Menkaure (D:4)
  An infernal demonspawn zombie (Crypt:1)
  A merfolk zombie (Coc:2)
  4 wargs
  32 nagas
  8 hydra simulacra
  14 swamp worms
  Duvessa (D:4)
  20 cane toad zombies
  14 water moccasins
  4 acid dragons
  2 floating eyes
  73 hell hounds
  A monstrous demonspawn zombie (Crypt:3)
  A torturous demonspawn skeleton (Tar:7)
  A sky beast (D:6)
  7 swamp drakes
  45 orc warriors
  Purgy (Sewer)
  3 manticore zombies
  An ettin simulacrum (Crypt:3)
  A meliai simulacrum (D:14)
  9 cane toad skeletons
  9 black bears
  14 ice beasts
  6 snapping turtle zombies
  2 merfolk skeletons
  41 necrophages
  3 alligator simulacra
  6 boggarts
  3 swamp dragon zombies
  6 manticore skeletons
  2 ice dragon simulacra
  27 ogres
  An elephant zombie (Lair:6)
  5 swamp dragon skeletons
  A torpor snail zombie (Crypt:1)
  15 centaurs
  2 rime drake zombies
  A lindwurm skeleton (Crypt:2)
  10 snapping turtle skeletons
  23 wolves
  6 phantoms
  A dream sheep skeleton (Crypt:2)
  A komodo dragon zombie (Crypt:3)
  4 kobold brigands
  2 small abominations (Abyss:3)
  12 bullfrogs
  2 scorpions
  4 earth elementals
  A komodo dragon skeleton (Crypt:3)
  A yaktaur skeleton (Crypt:3)
  5 cane toad simulacra
  A water moccasin zombie (D:5)
  A glowing shapeshifter simulacrum (Vaults:2)
  2 elf skeletons (Tar:7)
  A troll zombie (Geh:5)
  A wyvern skeleton (D:6)
  Dowan (D:4)
  8 killer bees
  5 lindwurm simulacra (IceCv)
  4 howler monkeys
  61 wights
  A spriggan skeleton (Pan)
  A yak skeleton (Crypt:1)
  4 electric eels
  6 starcursed masses (Abyss:3)
  A quasit (Abyss:1)
  10 crimson imps
  3 jellies
  20 orc priests
  3 hounds
  3 iguanas
  4 bullfrog skeletons
  31 iron imps
  2 centaur skeletons
  A gnoll shaman (D:6)
  A human skeleton (Coc:6)
  Ijyb (D:5)
  34 orc wizards
  13 hell rats (Hell)
  2 naga zombies
  A tengu zombie (Coc:3)
  A sky beast zombie (Crypt:2)
  An ogre zombie (Crypt:3)
  2 tengu skeletons
  2 naga skeletons
  49 mummies
  Robin (D:4)
  4 gnolls (D:5)
  A howler monkey skeleton (D:7)
  5 adders
  A river rat (D:3)
  A tengu simulacrum (Coc:4)
  13 shadow imps
  29 white imps
  An ufetubus (Abyss:1)
  A halfling zombie (Crypt:3)
  An iguana zombie (Crypt:2)
  2 adder skeletons (D:4)
  2 worms
  A barachi zombie (Crypt:1)
  5 dart slugs
  119 orcs
  6 bats
  10 endoplasms
  4 giant cockroaches
  10 goblins
  13 hobgoblins
  8 jackals
  3 quokkas
  6 ball pythons
  6 frilled lizards
  15 kobolds
  4 kobold skeletons
  An orc simulacrum (Crypt:3)
  An orc skeleton (Coc:7)
  An orc zombie (Coc:1)
  9 rats
  A ball lightning (Pan)
  15 briar patches
  4 starspawn tentacles (Abyss:1)
  9 tentacles
5769 creatures vanquished.

Vanquished Creatures (collateral kills)
  Cerebov (Pan)
  Ereshkigal (Tar:7)
  the Serpent of Hell (Coc:7)
  An orb of fire (Zot:5)
  Dispater (Dis:7)
  2 royal mummies (Tomb:2)
  3 Killer Klowns (Zot:5)
  A curse toe (Zot:2)
  A golden dragon (IceCv)
  A doom hound (Tar:7)
  Jorgrun (Swamp:3)
  A Brimstone Fiend (Pan)
  A death cob (Zot:2)
  A rockslime (Slime:5)
  A cacodemon (Pan)
  A curse skull (Pan)
  An eidolon (Tar:7)
  An alligator (Swamp:3)
  4 death scarabs (Tomb:2)
  A soul eater (Pan)
  A sun demon (Pan)
  4 skeletal warriors (Tar:7)
  A glowing orange brain (shapeshifter) (Vaults:5)
  A torturous demonspawn (Pan)
  A large abomination (Pan)
  2 storm dragon simulacra
  2 hellions
  2 tormentors
  2 efreet (Pan)
  2 guardian mummies (Tomb:2)
  2 red devils (Pan)
  An ice devil (Coc:7)
  An alligator zombie (Coc:7)
  An ettin skeleton (Coc:7)
  5 flying skulls
  A wraith (Tar:7)
  A neqoxec (Pan)
  A warg (D:15)
  A hydra simulacrum (Coc:7)
  A necrophage (Tar:7)
  A snapping turtle zombie (Dis:7)
  A human skeleton (Tar:7)
  3 mummies (Tomb:2)
  A white imp (Coc:7)
  3 briar patches (Swamp:3)
68 creatures vanquished.

Vanquished Creatures (others)
  An eldritch tentacle (Pan)
  2 fire giants
  A war gargoyle (Vaults:5)
  A lorocyproca (Pan)
  A purple draconian (Zot:4)
  A green death (Pan)
  An ettin (Vaults:5)
  2 deep elf knights (Elf:2)
  A sixfirhy (Pan)
  3 deep elf pyromancers
  2 deep elf zephyrmancers
  A moth of wrath (Zot:4)
  An ice devil (Coc:2)
  A tormentor (Coc:5)
  A bloated husk (Swamp:1)
  A ynoxinul (Pan)
  A fire elemental (Elf:1)
  A human (Lair:6)
  An ogre (Zot:4)
  6 wights
  A mummy (Tomb:2)
  An orc (Elf:1)
  5 ball lightnings (Pan)
  A briar patch (Abyss:3)
  52 foxfires
  37 fungi
  A lurking horror (Abyss:3)
  177 plants
  10 tentacles
  28 withered plants
343 creatures vanquished.

Grand Total: 6180 creatures vanquished

Notes
Turn   | Place    | Note
-------+----------+-------------------------------------------
     0 | D:1      | KamiKatze the Gargoyle Berserker began the quest for the
                  | Orb.
     0 | D:1      | Reached XP level 1. HP: 14/14 MP: 1/1
   318 | D:1      | Reached XP level 2. HP: 13/19 MP: 2/2
   555 | D:1      | Reached XP level 3. HP: 16/23 MP: 3/3
  1174 | D:2      | Reached ** piety under Trog
  1544 | D:2      | Reached XP level 4. HP: 21/29 MP: 4/4
  2068 | D:3      | Found a glowing drain.
  2133 | Sewer    | Entered a sewer
  2249 | Sewer    | Reached XP level 5. HP: 33/33 MP: 5/5
  2278 | Sewer    | Noticed Purgy
  2289 | Sewer    | Killed Purgy
  2472 | D:3      | Reached XP level 6. HP: 39/39 MP: 6/6
  2588 | D:3      | Reached *** piety under Trog
  3137 | D:4      | Noticed Menkaure
  3143 | D:4      | Killed Menkaure
  3144 | D:4      | Reached XP level 7. HP: 44/44 MP: 7/7
  3274 | D:4      | Noticed Dowan
  3313 | D:4      | Killed Dowan
  3314 | D:4      | Reached skill level 5 in Fighting
  3314 | D:4      | Reached skill level 5 in Axes
  3334 | D:4      | Noticed Duvessa
  3357 | D:4      | Killed Duvessa
  3432 | D:4      | Identified the +1 leather armour "Kibif" {Stlth+}
  3568 | D:4      | Noticed Robin
  3585 | D:4      | Killed Robin
  3947 | D:5      | Entered Level 5 of the Dungeon
  4089 | D:5      | Reached **** piety under Trog
  4219 | D:5      | Noticed Ijyb
  4227 | D:5      | Killed Ijyb
  4427 | D:5      | Reached XP level 8. HP: 47/50 MP: 8/8
  4448 | D:5      | Found a staircase to the Ecumenical Temple.
  4455 | Temple   | Entered the Ecumenical Temple
  5184 | D:6      | Found Xoli Oso's Armour Shop.
  5202 | D:6      | Found a runed translucent gate.
  5202 | D:6      | Found a runed translucent gate.
  5202 | D:6      | Found a runed translucent gate.
  5204 | D:6      | Noticed Skippwaahh's ghost (novice DrCK)
  5258 | D:6      | Reached skill level 5 in Armour
  5850 | D:6      | Reached XP level 9. HP: 50/56 MP: 9/9
  6764 | D:7      | Found Deah's Antique Armour Emporium.
  6772 | D:7      | Noticed Prince Ribbit
  6795 | D:7      | Killed Prince Ribbit
  6795 | D:7      | Reached ***** piety under Trog
  6796 | D:7      | Reached skill level 5 in Dodging
  6868 | D:7      | Noticed a troll
  6879 | D:7      | Noticed a troll
  6896 | D:7      | Killed a troll
  6935 | D:7      | Killed a troll
  7079 | D:7      | Reached XP level 10. HP: 36/63 MP: 10/10
  7255 | D:7      | Noticed a cyclops
  7290 | D:7      | Killed a cyclops
  7446 | D:7      | Killed an unseen horror
  7678 | D:7      | Identified the +8 rapier "Lifebane" {speed, *Corrode Str+6
                  | Dex+8}
  7683 | D:7      | Identified the +4 flail "Uppem" {protect, rElec Will+ SInv}
  7692 | D:7      | Identified the +9 chain mail of Lesser Demons {rC+ Will+}
  7937 | D:7      | Noticed a manticore
  7951 | D:7      | Killed a manticore
  8235 | D:8      | Found Vecacw's General Store.
  8312 | D:8      | Noticed Maggie
  8508 | D:8      | Reached XP level 11. HP: 54/69 MP: 11/11
  8641 | D:8      | Killed Maggie
  8642 | D:8      | Reached skill level 10 in Axes
  8858 | D:8      | Reached skill level 1 in Evocations
  9018 | D:8      | Noticed Erica
  9028 | D:8      | Killed Erica
  9210 | D:8      | Identified the +11 hand axe of Slimy Forgiveness {flame,
                  | *Slow rC+ Str+3}
  9362 | D:9      | Noticed Maurice
  9378 | D:9      | Killed Maurice
  9435 | D:9      | Noticed a two-headed ogre
  9454 | D:9      | Killed a two-headed ogre
 10115 | D:9      | Found a radiant altar of Vehumet.
 10187 | D:10     | Entered Level 10 of the Dungeon
 10740 | D:10     | Noticed Josephine
 10763 | D:10     | Killed Josephine
 11360 | D:11     | Reached XP level 12. HP: 77/77 MP: 12/12
 11604 | D:11     | Noticed a boulder beetle
 11643 | D:11     | Killed a boulder beetle
 11722 | D:11     | Found a staircase to the Lair.
 11762 | D:11     | Reached skill level 5 in Evocations
 11879 | D:11     | Reached skill level 10 in Fighting
 12134 | D:11     | Found a staircase to the Orcish Mines.
 12198 | D:11     | Received a gift from Trog
 12870 | Lair:1   | Entered Level 1 of the Lair of Beasts
 13493 | D:11     | Reached skill level 10 in Armour
 13745 | Lair:1   | Reached skill level 1 in Shields
 13793 | Lair:1   | Found a basalt altar of Yredelemnul.
 13968 | Lair:1   | Received a gift from Trog
 14109 | Lair:1   | Noticed a boulder beetle
 14143 | Lair:1   | Killed a boulder beetle
 14144 | Lair:1   | Reached XP level 13. HP: 55/83 MP: 13/13
 14158 | Lair:1   | Found an ornate altar of the Wu Jian Council.
 14159 | Lair:1   | Found a hide-covered altar of Uskayaw.
 16098 | Lair:3   | Identified the +0 robe of Beogh's Generosity {Contam Harm
                  | Rampage rC+++}
 16560 | Lair:3   | Found a staircase to the Swamp.
 17009 | Lair:3   | Found a staircase to the Snake Pit.
 18050 | Lair:4   | Received a gift from Trog
 19095 | Lair:5   | Found a staircase to the Slime Pits.
 19250 | Lair:6   | Entered Level 6 of the Lair of Beasts
 19292 | Lair:6   | Noticed Kirke
 19424 | Lair:5   | Killed Kirke
 19493 | Lair:6   | Reached skill level 5 in Shields
 19553 | Lair:6   | Gained mutation: Your large and strong wings let you fly.
                  | [Gargoyle growth]
 19553 | Lair:6   | Reached XP level 14. HP: 66/90 MP: 14/14
 20298 | Lair:6   | Reached ****** piety under Trog
 20463 | Lair:6   | Identified the +8 glaive of Ywuav {vorpal, rElec} (Trog
                  | gifted it to you on level 6 of the Lair of Beasts)
 20463 | Lair:6   | Received a gift from Trog
 20652 | Lair:6   | Noticed a dire elephant
 20685 | Lair:6   | Killed a dire elephant
 22665 | Orc:1    | Entered Level 1 of the Orcish Mines
 23250 | Orc:2    | Entered Level 2 of the Orcish Mines
 23250 | Orc:2    | Found a staircase to the Elven Halls.
 23525 | Orc:2    | Received a gift from Trog
 24502 | Orc:2    | Noticed an orc warlord
 24531 | Orc:1    | Reached XP level 15. HP: 94/96 MP: 15/15
 24600 | Orc:1    | Killed an orc warlord
 25069 | Orc:2    | Received a gift from Trog
 25932 | Orc:2    | Found Hano Korei's General Store.
 25933 | Orc:2    | Found Atua's Book Shoppe.
 25941 | Orc:2    | Found Zaoset's Antique Armour Emporium.
 25941 | Orc:2    | Found Ingu's Antique Weapon Emporium.
 25993 | Orc:2    | Bought a glowing cloak for 187 gold pieces
 26015 | Orc:2    | Bought a jewelled broad axe for 243 gold pieces
 26015 | Orc:2    | Identified the +4 broad axe "Owadwyish" {holy, Drain rC-
                  | Int+8 Dex+4} (You bought it in a shop on level 2 of the
                  | Orcish Mines)
 26027 | Orc:2    | Bought a brightly glowing war axe for 229 gold pieces
 26027 | Orc:2    | Identified the +12 war axe of Propriety {freeze, rC+ Str+2
                  | Dex+4} (You bought it in a shop on level 2 of the Orcish
                  | Mines)
 26243 | D:12     | Noticed Snorg
 26258 | D:12     | Killed Snorg
 26353 | D:12     | Found Quytz's Magic Scroll Shop.
 26416 | D:12     | Found Texeur's Antique Armour Shoppe.
 26436 | D:12     | Bought the +0 mask of the Dragon {Will+ Slay+3 SInv} for
                  | 1135 gold pieces
 26436 | D:12     | Found the +0 mask of the Dragon {Will+ Slay+3 SInv}
 26532 | D:12     | Found Niaz's Armour Boutique.
 26801 | D:12     | Noticed Azrael
 26852 | D:12     | Killed Azrael
 26898 | D:12     | Found Udata's Weapon Emporium.
 27013 | D:12     | Found Evvuel's Antique Weapon Shoppe.
 27338 | D:13     | Identified the +2 helmet of Magic {Will++ Dex+8 Slay-4
                  | SInv}
 27443 | D:13     | Received a gift from Trog
 27493 | D:13     | Reached skill level 10 in Dodging
 28047 | D:13     | Reached XP level 16. HP: 65/104 MP: 16/16
 28254 | D:13     | Reached skill level 15 in Axes
 28636 | D:14     | Found a frozen archway.
 28644 | IceCv    | Entered an ice cave
 29487 | IceCv    | Received a gift from Trog
 30728 | IceCv    | Noticed a golden dragon
 31391 | IceCv    | Killed a golden dragon
 31503 | IceCv    | Identified the ring "Tetrops" {rF+ MP+9}
 31878 | D:14     | Found a gate to the Vaults.
 32092 | D:14     | Noticed Rupert
 32099 | D:14     | Killed Rupert
 32378 | D:15     | Entered Level 15 of the Dungeon
 32423 | D:15     | Found a gate leading to a gauntlet.
 32483 | D:15     | Found a runed translucent gate.
 32483 | D:15     | Found a runed translucent gate.
 32484 | D:15     | Found a runed translucent gate.
 32486 | Gauntlet | Entered a Gauntlet
 32486 | Gauntlet | Found a transporter.
 32503 | Gauntlet | Found a transporter.
 32505 | Gauntlet | Found a transporter.
 32508 | Gauntlet | Found a transporter.
 32509 | Gauntlet | Found a transporter.
 32520 | Gauntlet | Found a transporter.
 32553 | Gauntlet | Found a transporter.
 32553 | Gauntlet | Found a transporter.
 32556 | Gauntlet | Found a transporter.
 32621 | Gauntlet | Found a transporter.
 32652 | Gauntlet | Found a transporter.
 32673 | Gauntlet | Found a transporter.
 32696 | Gauntlet | Gained mutation: You are clumsy. (Dex -2) [a neqoxec]
 32725 | Gauntlet | Identified the ring of the Trout {rF+ MP+9}
 33012 | D:15     | Reached skill level 10 in Shields
 33012 | D:15     | Reached XP level 17. HP: 107/110 MP: 17/17
 33016 | D:15     | Identified the +1 robe of Onyelas {Str+4 Dex-5 Slay+6}
 33043 | D:15     | Received a gift from Trog
 33557 | D:15     | Found an opulent altar of Gozag.
 33558 | D:15     | Found Hoalip's Assorted Antiques.
 33558 | D:15     | Noticed Kuralita's ghost (journeyman OpTm)
 33624 | D:15     | Found a sparkling altar of Nemelex Xobeh.
 33789 | D:15     | Found a staircase to the Depths.
 34088 | D:6      | Killed Skippwaahh's ghost
 34639 | Lair:6   | Identified the +9 dire flail of Pandemonium {protect,
                  | Str+4}
 35233 | Swamp:1  | Entered Level 1 of the Swamp
 35478 | Swamp:1  | Identified the ring "Ydut" {rF+ rC- rCorr Dex+4}
 36692 | Swamp:2  | Received a gift from Trog
 37175 | Swamp:3  | Noticed Jorgrun
 37307 | Swamp:3  | Killed Jorgrun
 37831 | Swamp:3  | Reached XP level 18. HP: 100/118 MP: 18/18
 38218 | Swamp:4  | Entered Level 4 of the Swamp
 38436 | Swamp:3  | Reached skill level 15 in Fighting
 39038 | Swamp:4  | Received a gift from Trog
 39390 | Swamp:4  | Reached skill level 15 in Armour
 39447 | Swamp:4  | HP: 1/119 [ghoul (13)]
 40322 | Swamp:4  | Identified the ring "Abebapes" {rPois rC+ rN+ Dex+6}
 40421 | Swamp:4  | Got a decaying rune of Zot
 40711 | Snake:1  | Entered Level 1 of the Snake Pit
 41393 | Snake:1  | Received a gift from Trog
 41403 | Snake:1  | Found Wytzergh's Jewellery Shop.
 41404 | Snake:1  | Found Netackuh's Book Shoppe.
 41404 | Snake:1  | Found Pucianuo's Book Shoppe.
 42102 | Snake:2  | Noticed Aizul
 42119 | Snake:2  | Killed Aizul
 42237 | Snake:2  | Noticed Donald
 42252 | Snake:2  | Killed Donald
 42253 | Snake:2  | Reached XP level 19. HP: 125/125 MP: 19/19
 42533 | Snake:2  | Found Futais's Assorted Antiques.
 42564 | Snake:2  | Bought a blue potion for 36 gold pieces
 42564 | Snake:2  | Found Xupuh's Assorted Antiques.
 42843 | Snake:3  | Noticed Vashnia
 43183 | Snake:3  | Killed Vashnia
 43431 | Snake:3  | Reached skill level 15 in Shields
 43625 | Snake:3  | Found a transporter.
 43636 | Snake:3  | Noticed Ninn's ghost (adept GrFi)
 43962 | Snake:3  | Found a transporter.
 44074 | Snake:3  | Identified the ring "Wejup" {rElec AC+4 Dex+7}
 44528 | Snake:3  | Received a gift from Trog
 44548 | Snake:3  | Killed Ninn's ghost
 44569 | Snake:3  | Identified the ring "Finuyh" {rN+ Will+ Str+6}
 44613 | Snake:4  | Entered Level 4 of the Snake Pit
 44985 | Snake:4  | Identified the +1 ring mail of Wicked Birdsong {rF- rC+
                  | Dex+3}
 45240 | Snake:4  | Noticed Mara
 45254 | Snake:4  | Noticed KamiKatze's illusion
 45257 | Snake:4  | Killed Mara
 45722 | Snake:4  | Reached XP level 20. HP: 110/131 MP: 20/20
 45986 | Snake:4  | Got a serpentine rune of Zot
 46300 | Snake:2  | Bought a pair of embroidered gloves for 300 gold pieces
 46631 | Vaults:1 | Entered Level 1 of the Vaults
 47104 | Snake:1  | Bought an amulet of reflection for 420 gold pieces
 49221 | Vaults:2 | Received a gift from Trog
 49654 | Vaults:2 | Reached XP level 21. HP: 130/140 MP: 21/21
 50120 | Vaults:2 | You are sucked into a shaft and drop 2 floors!
 50161 | Vaults:4 | Received a gift from Trog
 50697 | Vaults:3 | Reached skill level 10 in Evocations
 50770 | Vaults:3 | Received a gift from Trog
 52051 | Vaults:3 | Found Gyekhleon's Antique Weapon Emporium.
 52315 | Vaults:3 | Found a staircase to the Crypt.
 52509 | Vaults:4 | Received a gift from Trog
 52800 | Vaults:4 | Reached XP level 22. HP: 54/148 MP: 22/22
 53393 | Vaults:4 | Received a gift from Trog
 54152 | Depths:1 | Entered Level 1 of the Depths
 54156 | Depths:1 | Noticed Sojobo
 54226 | Depths:1 | Killed Sojobo
 54573 | Depths:1 | Received a gift from Trog
 54574 | Depths:1 | Found a gateway to a ziggurat.
 54858 | Depths:1 | Found a blossoming altar of Fedhas.
 54859 | Depths:1 | Found a gateway to Hell.
 55787 | Depths:2 | Paralysed by a floating eye for 2 turns
 56174 | Depths:2 | Identified the +6 broad axe of the Gloaming {vorpal, Str+6}
                  | (Trog gifted it to you on level 2 of the Depths)
 56174 | Depths:2 | Received a gift from Trog
 56404 | Depths:2 | Identified the +1 ring mail "Exkuugh" {Regen+}
 56422 | Depths:2 | Reached XP level 23. HP: 71/155 MP: 23/23
 57162 | Depths:2 | Identified the +0 chain mail of the Shore {*Corrode rF+
                  | Str+5 Stlth-}
 57260 | Depths:2 | Received a gift from Trog
 57300 | Depths:2 | Paralysed by a vampire knight for 2 turns
 57811 | Depths:3 | Noticed a juggernaut
 57826 | Depths:3 | Killed a juggernaut
 58385 | Depths:3 | Found a one-way gate leading to the halls of Pandemonium.
 58551 | Depths:3 | Noticed a juggernaut
 58566 | Depths:3 | Killed a juggernaut
 58852 | Depths:3 | Received a gift from Trog
 59143 | Depths:4 | Found a one-way gate to the infinite horrors of the Abyss.
 59321 | Depths:4 | Reached XP level 24. HP: 164/164 MP: 23/23
 59380 | Depths:4 | Noticed a caustic shrike
 59399 | Depths:4 | Killed a caustic shrike
 59880 | D:12     | Bought a scroll of enchant armour for 97 gold pieces
 60232 | Depths:4 | Identified the +10 hand axe of Prudence {pain, rC+++ Will+
                  | Dex-5 Stlth+}
 60325 | Depths:5 | Entered Level 5 of the Depths
 60884 | Depths:5 | Found an ornate altar of the Wu Jian Council.
 60964 | Depths:5 | Found a gate to the Realm of Zot.
 61013 | Depths:5 | Received a gift from Trog
 61712 | D:15     | Killed Kuralita's ghost
 62028 | Elf:1    | Entered Level 1 of the Elven Halls
 62081 | Elf:1    | Found a radiant altar of Vehumet.
 62238 | Elf:1    | Received a gift from Trog
 62353 | Elf:1    | Reached XP level 25. HP: 172/172 MP: 23/23
 62403 | Elf:1    | Paralysed by an air elemental for 1 turns
 62742 | Elf:1    | Paralysed by an air elemental for 1 turns
 63197 | Elf:2    | Paralysed by an air elemental for 1 turns
 63203 | Elf:2    | Received a gift from Trog
 63512 | Elf:2    | Found a huge runed translucent gate.
 63512 | Elf:2    | Found a huge runed translucent gate.
 63512 | Elf:2    | Found a huge runed translucent gate.
 63512 | Elf:2    | Found a huge runed translucent gate.
 63515 | Elf:2    | Found a huge runed translucent gate.
 63664 | Elf:2    | Found Ysmatt's Mayhem Merchandise.
 63821 | Elf:2    | Received a gift from Trog
 64241 | Elf:3    | Entered Level 3 of the Elven Halls
 64309 | Elf:3    | Noticed Bai Suzhen
 64368 | Elf:2    | Killed Bai Suzhen
 64494 | Elf:3    | Received a gift from Trog
 64708 | Elf:3    | Identified the +4 plate armour of the Prince of Darkness
                  | {Will+ Str-4 Stlth+}
 64731 | Elf:3    | Identified the +5 leather armour "Eddajar" {Str+6}
 64911 | Elf:3    | Identified the ring "Usaur" {rN+ Dex+3}
 65028 | Elf:3    | Identified the +1 leather armour of the Fuzzy Grue {rElec
                  | Dex+4 Stlth-}
 66125 | Vaults:5 | Entered Level 5 of the Vaults
 66169 | Vaults:5 | Reached XP level 26. HP: 182/182 MP: 23/23
 66352 | Vaults:5 | Found the amulet of the Four Winds {rN+ Will+++ Clar}
 66398 | Vaults:5 | Received a gift from Trog
 66440 | Vaults:5 | Noticed Frederick
 66450 | Vaults:5 | Killed Frederick
 66527 | Vaults:5 | Noticed a dread lich
 66542 | Vaults:5 | Killed a dread lich
 66944 | Vaults:5 | Noticed a dread lich
 66954 | Vaults:5 | Killed a dread lich
 67130 | Vaults:5 | Identified the ring of the Cicada {rN+ MP+9}
 67180 | Vaults:5 | Received a gift from Trog
 67443 | Vaults:5 | Identified the ring of the Original Sin {Will++ rCorr AC+4
                  | Dex-3 SInv}
 67507 | Vaults:5 | Noticed an ancient lich
 67527 | Vaults:5 | Killed an ancient lich
 67566 | Vaults:5 | Noticed Mennas
 67585 | Vaults:5 | Killed Mennas
 67721 | Vaults:5 | Received a gift from Trog
 67838 | Vaults:5 | Reached XP level 27. HP: 189/189 MP: 23/23
 68019 | Vaults:5 | Identified the +1 plate armour of Nantat {rCorr}
 68235 | Vaults:5 | Got a silver rune of Zot
 68680 | Zot:1    | Entered Level 1 of the Realm of Zot
 70308 | Zot:2    | Identified the ring "Anylelez" {*Slow +Blink rC+ AC+4}
 70310 | Zot:2    | Received a gift from Trog
 70873 | Zot:2    | Identified the +7 longbow of Gallantry {flame, Contam
                  | +Blink Str+4 Dex+3}
 71469 | Zot:3    | Received a gift from Trog
 72330 | Zot:4    | Identified the +2 robe of Discretion {Str+3}
 72535 | Zot:4    | Received a gift from Trog
 72811 | Zot:4    | Noticed an orb of fire
 73116 | Zot:5    | Entered Level 5 of the Realm of Zot
 73740 | Elf:2    | Bought a +0 vampiric broad axe for 280 gold pieces
 74682 | Zot:5    | Noticed a dread lich
 74708 | Zot:5    | Killed a dread lich
 74865 | Zot:5    | Noticed an orb of fire
 74867 | Zot:5    | Gained mutation: You are frail. (-10% HP) [an orb of fire]
 74868 | Zot:5    | Gained mutation: You do not regenerate when monsters are
                  | visible. [an orb of fire]
 74869 | Zot:5    | Gained mutation: Your magical capacity is low. (-10% MP)
                  | [an orb of fire]
 74874 | Zot:5    | Gained mutation: Your spells are a little harder to cast,
                  | but a little more powerful. [an orb of fire]
 74878 | Zot:5    | Killed an orb of fire
 74879 | Zot:5    | Identified the +5 short sword of Gufotumm {vorpal, MP+9}
 75312 | Lair:1   | Lost mutation: You are clumsy. (Dex -2) [potion of
                  | mutation]
 75312 | Lair:1   | Lost mutation: Your spells are a little harder to cast, but
                  | a little more powerful. [potion of mutation]
 75312 | Lair:1   | Gained mutation: You are covered in fur. (AC +1) [potion of
                  | mutation]
 75313 | Lair:1   | Lost mutation: You are frail. (-10% HP) [potion of
                  | mutation]
 75313 | Lair:1   | Lost mutation: You do not regenerate when monsters are
                  | visible. [potion of mutation]
 75313 | Lair:1   | Gained mutation: You have sharp fingernails. [potion of
                  | mutation]
 75313 | Lair:1   | Gained mutation: You are agile. (Dex +2) [potion of
                  | mutation]
 75733 | Zot:5    | Identified the +10 hand axe of Worphymedghu {vorpal, rElec
                  | rPois rC+ rN+} (Trog gifted it to you on level 5 of the
                  | Realm of Zot)
 75733 | Zot:5    | Received a gift from Trog
 76055 | Zot:5    | Noticed an orb of fire
 76066 | Zot:5    | Noticed a dread lich
 76075 | Zot:5    | Killed an orb of fire
 76081 | Zot:5    | Killed a dread lich
 76448 | Zot:5    | Noticed an ancient lich
 76472 | Zot:5    | Killed an ancient lich
 77064 | Slime:1  | Entered Level 1 of the Pits of Slime
 77242 | Slime:3  | Received a gift from Trog
 77291 | Slime:4  | Gained mutation: You occasionally shout uncontrollably at
                  | your foes. [a shining eye]
 77380 | Slime:5  | Entered Level 5 of the Pits of Slime
 77405 | Slime:5  | Gained mutation: Your body sometimes deteriorates upon
                  | taking damage. [a shining eye]
 77409 | Slime:4  | Gained mutation: You are dopey. (Int -2) [a shining eye]
 77912 | Slime:5  | Found a viscous altar of Jiyva.
 77960 | Slime:5  | Noticed the Royal Jelly
 77984 | Slime:5  | Received a gift from Trog
 78004 | Slime:5  | Killed the Royal Jelly
 78110 | Slime:5  | Identified the +4 trident of Spring {pain, +Rage rF++ rC-
                  | Str+3}
 78155 | Slime:5  | Got a slimy rune of Zot
 78207 | Slime:5  | Identified the +3 leather armour "Ynuo" {+Blink rCorr Dex+9
                  | Stlth-}
 78718 | Temple   | Fell from the grace of Trog
 78718 | Temple   | Became a worshipper of the Shining One
 79082 | Crypt:1  | Entered Level 1 of the Crypt
 79133 | Crypt:1  | Reached * piety under the Shining One
 79292 | Crypt:1  | Reached ** piety under the Shining One
 79489 | Crypt:1  | Found a basalt altar of Yredelemnul.
 79740 | Crypt:1  | Reached *** piety under the Shining One
 79767 | Crypt:1  | Identified the +0 helmet "Woabloan" {Slay+2}
 80077 | Crypt:2  | Reached **** piety under the Shining One
 80078 | Crypt:2  | Reached skill level 27 in Axes
 80258 | Crypt:2  | Reached skill level 27 in Fighting
 80414 | Crypt:2  | Reached ***** piety under the Shining One
 80699 | Crypt:3  | Entered Level 3 of the Crypt
 80710 | Crypt:3  | Reached skill level 1 in Invocations
 80965 | Crypt:3  | Found a staircase to the Tomb.
 81005 | Crypt:3  | Reached skill level 5 in Invocations
 81108 | Crypt:3  | Reached ****** piety under the Shining One
 81129 | Crypt:3  | Identified a +5 executioner's axe of holy wrath (a +3
                  | executioner's axe of distortion blessed by the Shining One)
 81129 | Crypt:3  | Received a gift from the Shining One
 81297 | Crypt:3  | Found a basalt altar of Yredelemnul.
 81311 | Crypt:3  | Found an ancient bone altar of Kikubaaqudgha.
 81765 | Crypt:3  | Learned a level 5 spell: Manifold Assault
 82900 | Pan      | Entered Pandemonium
 83202 | Pan      | Gained mutation: You are robust. (+10% HP) [a neqoxec]
 83217 | Pan      | Lost mutation: Your body sometimes deteriorates upon taking
                  | damage. [a neqoxec]
 83304 | Pan      | Noticed Qaxtunov the pandemonium lord
 83311 | Pan      | Killed Qaxtunov the pandemonium lord
 83312 | Pan      | Reached skill level 10 in Invocations
 83331 | Pan      | Identified the +6 dire flail "Bavviup" {spect, +Rage}
 83344 | Depths:3 | Escaped Pandemonium
 83535 | Pan      | Entered Pandemonium
 83540 | Pan      | Lost mutation: Your magical capacity is low. (-10% MP) [a
                  | cacodemon]
 83664 | Pan      | Gained mutation: You do not regenerate when monsters are
                  | visible. [a cacodemon]
 83692 | Pan      | Noticed Kioseqam the pandemonium lord
 83700 | Pan      | Killed Kioseqam the pandemonium lord
 84158 | Pan      | Lost mutation: You are dopey. (Int -2) [potion of mutation]
 84158 | Pan      | Lost mutation: You are agile. (Dex +2) [potion of mutation]
 84158 | Pan      | Lost mutation: You occasionally shout uncontrollably at
                  | your foes. [potion of mutation]
 84159 | Pan      | Lost mutation: You are robust. (+10% HP) [potion of
                  | mutation]
 84159 | Pan      | Lost mutation: You have sharp fingernails. [potion of
                  | mutation]
 84159 | Pan      | Gained mutation: You are robust. (+10% HP) [potion of
                  | mutation]
 84159 | Pan      | Gained mutation: You are occasionally teleported next to
                  | monsters. [potion of mutation]
 84159 | Pan      | Gained mutation: You are very robust. (+20% HP) [potion of
                  | mutation]
 84160 | Pan      | Lost mutation: You do not regenerate when monsters are
                  | visible. [potion of mutation]
 84160 | Pan      | Lost mutation: You are occasionally teleported next to
                  | monsters. [potion of mutation]
 84160 | Pan      | Gained mutation: You possess an exceptional clarity of
                  | mind. [potion of mutation]
 84160 | Pan      | Gained mutation: You have a pair of small horns on your
                  | head. [potion of mutation]
 84336 | Pan      | Reached skill level 1 in Translocations
 84361 | Pan      | Reached skill level 1 in Spellcasting
 84381 | Pan      | Noticed Edghozad the pandemonium lord
 84403 | Pan      | Killed Edghozad the pandemonium lord
 84847 | Pan      | Got a demonic rune of Zot
 85242 | Pan      | Reached skill level 5 in Spellcasting
 85248 | Pan      | Reached skill level 5 in Translocations
 85293 | Depths:3 | Escaped Pandemonium
 85358 | Hell     | Entered the Vestibule of Hell
 85358 | Hell     | Noticed Geryon
 85401 | Hell     | Killed Geryon
 85468 | Hell     | Found a gateway to the ashen valley of Gehenna.
 85476 | Hell     | Reached skill level 27 in Armour
 85711 | Hell     | Found a gateway to the Iron City of Dis.
 85746 | Hell     | Paralysed by Trog for 7 turns
 85951 | Hell     | Found a gateway to the freezing wastes of Cocytus.
 86055 | Hell     | Found a gateway to the decaying netherworld of Tartarus.
 86161 | Hell     | Learned a level 2 spell: Blink
 86219 | Dis:1    | Entered Level 1 of the Iron City of Dis
 87445 | Dis:3    | Was forgiven by Trog
 87556 | Dis:4    | Reached skill level 10 in Spellcasting
 87556 | Dis:4    | Reached skill level 10 in Translocations
 87754 | Dis:7    | Entered Level 7 of the Iron City of Dis
 88548 | Dis:7    | Reached skill level 15 in Invocations
 88841 | Dis:7    | Identified the +2 chain mail of Weightlessness {Slay+2}
 89753 | Dis:7    | Found the +4 staff of Dispater
 89753 | Dis:7    | Noticed Dispater
 89774 | Dis:7    | Killed Dispater
 89799 | Dis:7    | Identified the +5 dagger of Qeniaca {elec, MP+9 Int+4 Dex+2
                  | Stlth+}
 89802 | Dis:7    | Identified the +0 ring mail "Deqaos" {Fly Stlth+}
 89804 | Dis:7    | Got an iron rune of Zot
 90031 | Geh:1    | Entered Level 1 of Gehenna
 90728 | Geh:7    | Entered Level 7 of Gehenna
 91636 | Geh:7    | Reached skill level 15 in Spellcasting
 91637 | Geh:7    | Reached skill level 15 in Translocations
 91787 | Geh:7    | Found the +7 sceptre of Asmodeus
 91787 | Geh:7    | Noticed Asmodeus
 91800 | Geh:7    | Killed Asmodeus
 91871 | Geh:7    | Got an obsidian rune of Zot
 92311 | Tar:1    | Entered Level 1 of Tartarus
 93305 | Tar:7    | Entered Level 7 of Tartarus
 94094 | Tar:7    | Found the +8 whip "Snakebite" {venom, curare, rPois}
 94120 | Tar:7    | Identified the +5 hand crossbow of the Past {vorpal,
                  | *Corrode Fly Str+3 Int+6}
 94121 | Tar:7    | Identified the +2 leather armour "Yntaemm" {rF+ Str-2
                  | Slay+3}
 94138 | Tar:7    | Learned a level 8 spell: Ignition
 94146 | Tar:7    | Identified the +5 shortbow of Wu Jian's Castigation {flame,
                  | Contam Will++}
 94172 | Tar:7    | Identified the ring "Topsen" {Wiz Will+ Int+3}
 94186 | Tar:7    | Reached skill level 1 in Fire Magic
 94237 | Tar:7    | Found the +10 dark maul {vorpal}
 94318 | Tar:7    | Found the brooch of Shielding {Spirit SH+8}
 94322 | Tar:7    | Reached skill level 5 in Fire Magic
 94332 | Tar:7    | Got the Compendium of the Frostbite
 94807 | Tar:7    | Learned a level 9 spell: Shatter
 94831 | Tar:7    | Reached skill level 1 in Earth Magic
 95135 | Tar:7    | Identified the +7 quarterstaff of the Salmon {drain, Dex+3}
 95247 | Tar:7    | Reached skill level 10 in Fire Magic
 95314 | Tar:7    | Reached skill level 5 in Earth Magic
 95521 | Tar:7    | Noticed Ereshkigal
 95557 | Tar:7    | Killed Ereshkigal
 95631 | Tar:7    | Got a bone rune of Zot
 97835 | Coc:1    | Entered Level 1 of Cocytus
 98055 | Coc:1    | Reached skill level 10 in Earth Magic
 98785 | Coc:2    | Reached skill level 15 in Fire Magic
103598 | Coc:7    | Entered Level 7 of Cocytus
103990 | Coc:7    | Noticed the Serpent of Hell
103999 | Coc:7    | Killed the Serpent of Hell
104509 | Coc:7    | Identified the +9 flail of Daichuurgh {vorpal, rN+ Stlth+}
104509 | Coc:7    | Noticed Antaeus
104641 | Coc:7    | Identified the +1 leather armour of the Bard {Dex+4}
104651 | Coc:7    | Identified the +6 hand axe of the Howling Dragonfly {drain,
                  | rC+ Dex+3}
104755 | Coc:7    | Killed Antaeus
104786 | Coc:7    | Got an icy rune of Zot
105632 | Snake:2  | Bought a scroll of blinking for 232 gold pieces
105632 | Snake:2  | Bought a faintly glowing chain mail for 294 gold pieces
105632 | Snake:2  | Identified the +6 chain mail of Calculation {Contam rPois
                  | rF+++ rC- SInv} (You bought it in a shop on level 2 of the
                  | Snake Pit)
105855 | Snake:1  | Learned a level 2 spell: Passwall
106181 | Pan      | Entered Pandemonium
106322 | Pan      | Found a transporter.
106493 | Pan      | Found a transporter.
107457 | Pan      | Found a glowing silver altar of Zin.
107767 | Pan      | Identified the +1 buckler "Xedaejo" {rPois rC- Regen+
                  | Slay+2}
107780 | Pan      | Identified the +0 tower shield of the Endless Expanse
                  | {rElec rF+ Str-5 Stlth+}
107823 | Pan      | Identified the +7 plate armour of Plog {rElec Slay+6
                  | Stlth-}
107823 | Pan      | Noticed a seraph
107832 | Pan      | Killed a seraph
107897 | Pan      | Found a glowing golden altar of the Shining One.
107953 | Pan      | Got the Incunabulum of the Ghastly Glacier
107962 | Pan      | Got the Compendium of Evil
108163 | Pan      | Found a white marble altar of Elyvilon.
108288 | Pan      | Learned a level 1 spell: Apportation
108350 | Pan      | Identified the +5 tower shield "Duocask" {Str+4 Int+3
                  | Stlth+}
109347 | Pan      | Noticed Wotsos the pandemonium lord
109360 | Pan      | Killed Wotsos the pandemonium lord
109627 | Pan      | Found an exit through the horrors of the Abyss.
109946 | Pan      | Entered the realm of Cerebov.
110094 | Pan      | Identified the +5 spear of Wondrous Power {chaos, Str+5}
111117 | Pan      | Identified the +12 war axe "Egyzih" {vorpal, Drain Str+3
                  | Dex+3}
111117 | Pan      | Identified the ring of Ruosm {*Slow Fly Will+ Stlth+}
111127 | Pan      | Found the +6 sword of Cerebov {flame}
111127 | Pan      | Noticed Cerebov
111160 | Pan      | Killed Cerebov
111286 | Pan      | Got a fiery rune of Zot
111371 | Pan      | Identified the +1 rapier of the Wizarding Saviour {spect,
                  | Will+}
111554 | Pan      | Identified the ring "Qodghyad" {Fly rF+}
112251 | Pan      | Gained mutation: Your magical capacity is low. (-10% MP) [a
                  | neqoxec]
112270 | Pan      | Found a runed translucent door.
112280 | Pan      | Found a runed translucent door.
112283 | Pan      | Found a runed translucent door.
112635 | Pan      | Found a runed translucent door.
112660 | Pan      | Found an exit through the horrors of the Abyss.
113096 | Pan      | Noticed Qinuwirgh the pandemonium lord
113101 | Pan      | Killed Qinuwirgh the pandemonium lord
113127 | Pan      | Identified the ring "Quih" {+Blink rPois Will+ Str+3}
113172 | Pan      | Entered the realm of Lom Lobon.
113486 | Pan      | Found an exit through the horrors of the Abyss.
113903 | Pan      | Noticed Lom Lobon
113919 | Pan      | Killed Lom Lobon
113920 | Pan      | Reached skill level 15 in Earth Magic
113989 | Pan      | Got a magical rune of Zot
114020 | Pan      | Identified the +1 scale mail of Cohiz {rF- rC+++ Str+2
                  | Dex-5}
114350 | Pan      | Found an exit through the horrors of the Abyss.
114546 | Pan      | Noticed Wuxits the pandemonium lord
114902 | Pan      | Killed Wuxits the pandemonium lord
115008 | Pan      | Found a runed translucent door.
115286 | Pan      | Noticed Qecura the pandemonium lord
115311 | Pan      | Killed Qecura the pandemonium lord
115322 | Pan      | Gained mutation: Your spells are a little easier to cast,
                  | but a little less powerful. [a cacodemon]
115391 | Pan      | Found an exit through the horrors of the Abyss.
115419 | Pan      | Identified the +6 flail "Ocacva" {drain, Fragile rN++ rCorr
                  | Stlth+}
115613 | Pan      | Gained mutation: You sometimes lose the ability to read
                  | scrolls when taking damage. [a neqoxec]
115615 | Pan      | Lost mutation: You have a pair of small horns on your head.
                  | [potion of mutation]
115615 | Pan      | Lost mutation: Your spells are a little easier to cast, but
                  | a little less powerful. [potion of mutation]
115615 | Pan      | Lost mutation: Your magical capacity is low. (-10% MP)
                  | [potion of mutation]
115615 | Pan      | Lost mutation: You are very robust. (+20% HP) [potion of
                  | mutation]
115615 | Pan      | Gained mutation: Your muscles are strong. (Str +2) [potion
                  | of mutation]
116066 | Pan      | Reached skill level 27 in Fire Magic
116223 | Pan      | Noticed Domnuy the pandemonium lord
116237 | Pan      | Killed Domnuy the pandemonium lord
116519 | Pan      | Found an exit through the horrors of the Abyss.
116671 | Pan      | Identified the +1 troll leather armour of Unreason {Drain
                  | rC+++ Regen+ Dex+2 SInv}
117170 | Pan      | Gained mutation: You are clumsy. (Dex -2) [a cacodemon]
117186 | Pan      | Noticed Otudat the pandemonium lord
117198 | Pan      | Killed Otudat the pandemonium lord
117708 | Pan      | Identified the +2 battleaxe of Reinforcement {pain, rElec
                  | MP+9 Str-4 Int+4}
117716 | Pan      | Entered the realm of Gloorx Vloq.
118297 | Pan      | Noticed Gloorx Vloq
118307 | Pan      | Killed Gloorx Vloq
118368 | Pan      | Got a dark rune of Zot
118485 | Pan      | Noticed Hifiac the pandemonium lord
118496 | Pan      | Killed Hifiac the pandemonium lord
118566 | Pan      | Noticed Kiol Kab the pandemonium lord
118583 | Pan      | Killed Kiol Kab the pandemonium lord
118684 | Pan      | Gained mutation: Armour fits poorly on your strangely
                  | shaped body. [a cacodemon]
118783 | Pan      | Found an exit through the horrors of the Abyss.
119030 | Pan      | Noticed Unlav the pandemonium lord
119035 | Pan      | Killed Unlav the pandemonium lord
119100 | Pan      | Gained mutation: Potions are less effective at restoring
                  | your health. [a neqoxec]
119103 | Pan      | Gained mutation: You are very clumsy. (Dex -4) [a neqoxec]
119124 | Pan      | Entered the realm of Mnoleg.
119133 | Pan      | Lost mutation: Your muscles are strong. (Str +2) [a
                  | cacodemon]
119159 | Pan      | Lost mutation: Armour fits poorly on your strangely shaped
                  | body. [potion of mutation]
119159 | Pan      | Lost mutation: You possess an exceptional clarity of mind.
                  | [potion of mutation]
119159 | Pan      | Lost mutation: You sometimes lose the ability to read
                  | scrolls when taking damage. [potion of mutation]
119159 | Pan      | Gained mutation: Your flesh is heat resistant. (rF+)
                  | [potion of mutation]
119255 | Pan      | Gained mutation: You are dopey. (Int -2) [a shining eye]
119417 | Pan      | Gained mutation: You sometimes lose the ability to read
                  | scrolls when taking damage. [a shining eye]
119421 | Pan      | Gained mutation: Your body sometimes deteriorates upon
                  | taking damage. [a shining eye]
119699 | Pan      | Found an exit through the horrors of the Abyss.
119885 | Pan      | Gained mutation: You are very dopey. (Int -4) [a neqoxec]
119980 | Pan      | Lost mutation: You are very clumsy. (Dex -4) [potion of
                  | mutation]
119980 | Pan      | Lost mutation: Your body sometimes deteriorates upon taking
                  | damage. [potion of mutation]
119980 | Pan      | Gained mutation: Your spells are a little harder to cast,
                  | but a little more powerful. [potion of mutation]
120008 | Pan      | Lost mutation: You sometimes lose the ability to read
                  | scrolls when taking damage. [potion of mutation]
120008 | Pan      | Lost mutation: You are covered in fur. (AC +1) [potion of
                  | mutation]
120008 | Pan      | Lost mutation: You are clumsy. (Dex -2) [potion of
                  | mutation]
120043 | Pan      | Noticed Mnoleg
120075 | Pan      | Killed Mnoleg
120084 | Pan      | Reached skill level 15 in Dodging
120178 | Pan      | Got a glowing rune of Zot
120238 | Pan      | Took an exit into the Abyss.
120238 | Abyss:1  | Escaped into the Abyss
120238 | Abyss:1  | Found a corrupted altar of Lugonu.
120537 | Abyss:3  | Gained mutation: You sometimes lose the ability to read
                  | scrolls when taking damage. [a neqoxec]
120815 | Abyss:3  | Got an abyssal rune of Zot
120837 | Depths:3 | Escaped the Abyss
121129 | Tomb:1   | Entered Level 1 of the Tomb of the Ancients
121169 | Tomb:1   | Lost mutation: You sometimes lose the ability to read
                  | scrolls when taking damage. [potion of mutation]
121169 | Tomb:1   | Lost mutation: Your flesh is heat resistant. (rF+) [potion
                  | of mutation]
121169 | Tomb:1   | Gained mutation: Your skin changes colour to match your
                  | surroundings (Stealth+). [potion of mutation]
121169 | Tomb:1   | Gained mutation: Your body sometimes deteriorates upon
                  | taking damage. [potion of mutation]
121169 | Tomb:1   | Gained mutation: Your flesh is heat resistant. (rF+)
                  | [potion of mutation]
121170 | Tomb:1   | Lost mutation: You are very dopey. (Int -4) [potion of
                  | mutation]
121170 | Tomb:1   | Lost mutation: Potions are less effective at restoring your
                  | health. [potion of mutation]
121170 | Tomb:1   | Gained mutation: You have a beak for a mouth. [potion of
                  | mutation]
121170 | Tomb:1   | Lost mutation: Your spells are a little harder to cast, but
                  | a little more powerful. [potion of mutation]
121171 | Tomb:1   | Lost mutation: You are robust. (+10% HP) [potion of
                  | mutation]
121171 | Tomb:1   | Lost mutation: You are dopey. (Int -2) [potion of mutation]
121171 | Tomb:1   | Gained mutation: You are dopey. (Int -2) [potion of
                  | mutation]
121171 | Tomb:1   | Gained mutation: You possess an exceptional clarity of
                  | mind. [potion of mutation]
121176 | Tomb:1   | Lost mutation: You are dopey. (Int -2) [potion of mutation]
121176 | Tomb:1   | Lost mutation: Your body sometimes deteriorates upon taking
                  | damage. [potion of mutation]
121176 | Tomb:1   | Lost mutation: You have a beak for a mouth. [potion of
                  | mutation]
121176 | Tomb:1   | Gained mutation: You do not regenerate when monsters are
                  | visible. [potion of mutation]
121176 | Tomb:1   | Gained mutation: You passively map a small area around you.
                  | [potion of mutation]
121177 | Tomb:1   | Lost mutation: You passively map a small area around you.
                  | [potion of mutation]
121177 | Tomb:1   | Lost mutation: You possess an exceptional clarity of mind.
                  | [potion of mutation]
121177 | Tomb:1   | Gained mutation: You have sharp toenails. [potion of
                  | mutation]
121305 | Tomb:1   | Noticed Boris
121315 | Tomb:1   | Killed Boris
121697 | Tomb:1   | Noticed a royal mummy
121703 | Tomb:1   | Killed a royal mummy
121796 | Tomb:1   | Noticed a royal mummy
121796 | Tomb:1   | Noticed a royal mummy
121802 | Tomb:1   | Killed a royal mummy
121810 | Tomb:1   | Killed a royal mummy
122069 | Tomb:2   | Noticed a royal mummy
122119 | Tomb:2   | Noticed a royal mummy
122125 | Tomb:2   | Noticed a royal mummy
122133 | Tomb:2   | Killed a royal mummy
122133 | Tomb:2   | Noticed a royal mummy
122134 | Tomb:2   | Killed a royal mummy
122140 | Tomb:2   | Killed a royal mummy
122141 | Tomb:2   | Killed a royal mummy
122458 | Tomb:1   | Noticed a royal mummy
122458 | Tomb:1   | Noticed a royal mummy
122465 | Tomb:1   | Killed a royal mummy
122470 | Tomb:1   | Killed a royal mummy
122472 | Tomb:1   | Noticed a royal mummy
122480 | Tomb:1   | Killed a royal mummy
122558 | Tomb:1   | Noticed a royal mummy
122571 | Tomb:1   | Killed a royal mummy
122597 | Tomb:1   | Noticed a royal mummy
122605 | Tomb:1   | Killed a royal mummy
122606 | Tomb:1   | Noticed a royal mummy
122610 | Tomb:1   | Killed a royal mummy
122610 | Tomb:1   | Lost intelligence.
122645 | Tomb:1   | Noticed a royal mummy
122649 | Tomb:1   | Killed a royal mummy
122668 | Tomb:1   | Noticed a royal mummy
122676 | Tomb:1   | Killed a royal mummy
122681 | Tomb:1   | Noticed a royal mummy
122687 | Tomb:1   | Noticed a royal mummy
122688 | Tomb:1   | Killed a royal mummy
122694 | Tomb:1   | Killed a royal mummy
122900 | Tomb:3   | Entered Level 3 of the Tomb of the Ancients
122973 | Tomb:3   | Noticed a royal mummy
122973 | Tomb:3   | Noticed a royal mummy
122973 | Tomb:3   | Noticed a royal mummy
122973 | Tomb:3   | Noticed a royal mummy
122973 | Tomb:3   | Noticed a royal mummy
123061 | Tomb:3   | Noticed a royal mummy
123061 | Tomb:3   | Noticed a royal mummy
123075 | Tomb:3   | Killed a royal mummy
123080 | Tomb:3   | Killed a royal mummy
123115 | Tomb:3   | Killed a royal mummy
123116 | Tomb:3   | Killed a royal mummy
123122 | Tomb:3   | Killed a royal mummy
123125 | Tomb:3   | Killed a royal mummy
123128 | Tomb:3   | Noticed a royal mummy
123248 | Tomb:3   | Noticed a royal mummy
123263 | Tomb:3   | Killed a royal mummy
123264 | Tomb:3   | Killed a royal mummy
123270 | Tomb:3   | Killed a royal mummy
123559 | Tomb:3   | Found the +3 sling "Punk" {acid, rCorr}
123570 | Tomb:3   | Identified the +11 spear "Narog" {flame, Stlth+}
123585 | Tomb:3   | Identified the +1 leather armour "Nashyiw" {rElec Int+6}
123588 | Tomb:3   | Got Sif Muna's Reference Book on the Oath and the Volcanoes
123604 | Tomb:3   | Identified the +8 scimitar "Sidec" {freeze, Drain rC+
                  | Str+6}
123605 | Tomb:3   | Identified the ring of Piacriusm {Fly rF++ rCorr Slay+3}
123609 | Tomb:3   | Identified the +1 scale mail of the Original Sin {Will++
                  | Int-5 Dex+6}
123660 | Tomb:3   | Identified the ring "Eletetela" {+Blink Will+ MP+9 Str-2
                  | Stlth+}
123675 | Tomb:3   | Identified the ring "Peogips" {Ice rPois}
123797 | Tomb:3   | Got a golden rune of Zot
124437 | Zot:5    | Got the Orb of Zot
124962 | D:$      | Escaped with the Orb!

Illustrated notes

Levels and vault maps discovered:
D:1:      denvon_arrival_planthouse, layout_basic,
          corexii_item_surrounded_by_moat
D:2:      layout_basic, grunt_decor_junction, minmay_increasing_density
D:3:      layout_loops_ring, portal_sewer_entry_b
D:4:      layout_gridville, bh_walls_and_bars, uniq_duvessa, uniq_menkaure,
          uniq_robin
D:5:      layout_loops_ring, minmay_temple_entry_arrows, minmay_crystal_room,
          kennysheep_pointless_box, chequers_serial_rivers_small_b, uniq_ijyb
D:6:      layout_rooms, gammafunk_ghost_split, serial_shops, shop, serial_bayou,
          serial_bayou_ford_a, serial_bayou_pond_e, serial_bayou_lagoon_a,
          serial_bayou_crossing, grunt_decor_resistance
D:7:      minmay_the_grid_octo_triangle [minmay_the_grid_octo_tetromino_candy,
          minmay_the_grid_octo_prize_square_snowflake,
          minmay_the_grid_octo_horde], layout_basic, serial_shops, shop,
          minmay_misc_feat_square, uniq_prince_ribbit1
D:8:      layout_cave_pools, serial_shops, shop, chequers_decorated_corner,
          uniq_maggie, uniq_erica
D:9:      layout_cave_pods, mainiacjoe_overflow_alcove_2, uniq_maurice
D:10:     layout_irregular_city, minmay_misc_feat_plants,
          kennysheep_another_room, uniq_josephine
D:11:     layout_loops_cross, minmay_lair_entry_grove, hiddenorc2_lemuel
D:12:     layout_basic, serial_shops, nicolae_shop_waterfront, shop,
          nicolae_lakefront_shop, shop, kennysheep_mini_moat, grunt_ogre_cave,
          uniq_snorg, uniq_azrael
D:13:     evilmike_diamond_1, layout_gridville
D:14:     layout_roguey, erik_vaults_1, minmay_misc_feat_rows,
          portal_ice_cave_entry_pillars_four, kennysheep_generic_room_13,
          uniq_rupert
D:15:     hangedman_depths_entry_try_elsewhere_first, layout_loops_ring,
          gauntlet_entry_generic, nemelex_xobeh_ov_fountains_minmay,
          ebering_ghost_gozag, minmay_beelzebubs_servants
Temple:   regret_index_temple_sigil_plot
Lair:1:   layout_regular_city, basic_altar, nzn_masters_of_martial_movement,
          lemuel_fruit_tree, serial_bayou_shore_a, grunt_megastairs_1
Lair:2:   layout_cave_pods
Lair:3:   layout_layer_cave, minmay_swamp_entry_worms,
          minmay_snake_entry_guardpost_medium
Lair:4:   layout_regular_city, grunt_megastairs_4
Lair:5:   minmay_lair_oklob_tunnel, layout_small_grid,
          nicolae_slime_entry_slimehenge
Lair:6:   due_jungle_book, layout_regular_city, uniq_kirke
Swamp:1:  layout_basic_swamp, nicolae_swamp_little_tower, swamp_pool2,
          st_shrine_of_shade
Swamp:2:  layout_basic_swamp, nicolae_swamp_bean_lake
Swamp:3:  layout_basic_swamp, hangedman_swamp_diagram,
          infiniplex_staircase_pool_2, uniq_jorgrun
Swamp:4:  swamp_alternative, layout_basic_swamp, swamp_pool4,
          nicolae_swamp_hydra_murder_den
Snake:1:  layout_rooms, minmay_shop_grove, grunt_megastairs_2,
          serial_bayou_shore_b
Snake:2:  layout_honeycomb, minmay_shoptagon, uniq_aizul, uniq_donald
Snake:3:  minmay_snake_river, layout_chambers,
          gammafunk_ghost_berserking_beasts, uniq_vashnia
Snake:4:  grunt_snake_rune_pools, layout_rooms, uniq_mara
Slime:1:  layout_caves
Slime:2:  layout_caves
Slime:3:  layout_caves, cheibrodos_slime_lost_civilization_6
Slime:4:  layout_caves
Slime:5
Orc:1:    layout_caves
Orc:2:    st_orc_congregation, layout_caves
Elf:1:    eino_elf_arrival_altar, layout_loops_corners, hangedman_elf_disciples
Elf:2:    elven_hall_of_blades_hangedman_alternative [nicolae_blade_lattice],
          layout_gridlike, minmay_shop_mayhem
Elf:3:    minmay_elf_hall_not_hex, layout_loops_cross, uniq_bai_suzhen
Vaults:1: hangedman_vaults_river_flow, ontoclasm_vaults_ring_large, v_misc_19,
          hangedman_vaults_pinch, vaults_dpeg_diagonal, hangedman_vaults_cutoff,
          hangedman_vaults_nails, nicolae_vaults_network_quinsquares
          [nicolae_vaults_network_quincunx_subvault,
          nicolae_vaults_network_quincunx_subvault,
          nicolae_vaults_network_quincunx_subvault,
          nicolae_vaults_network_quincunx_subvault],
          nicolae_vaults_network_periphery, v_alt_pattern_4,
          nicolae_vaults_asterisk, v_misc_22, ontoclasm_vaults_pinch,
          nicolae_vaults_asterisk, layout_vaults_omnicross
Vaults:2: vaults_room_door_hall, v_misc_18, nicolae_vaults_rhombus_5,
          ontoclasm_vaults_hangar, v_misc_22, grunt_vaults_bifocal,
          nicolae_vaults_circle_grid_a, hangedman_vaults_stream, v_misc_24,
          v_pattern_3, v_alt_pattern_1, ontoclasm_vaults_ligature,
          dpeg_vaults_monster_box, serial_ice_h, layout_vaults_maze_snakey,
          uniq_margery
Vaults:3: hangedman_vaults_slice, vaults_room_fours, v_misc_14, v_misc_13,
          v_misc_16, minmay_crypt_entry_simple_statues, v_misc_23,
          nicolae_vaults_little_squares_1, st_spiral_rooms,
          nicolae_vaults_little_squares_2, v_misc_23,
          grunt_vaults_hallway_short, nicolae_vaults_yaktaur_gun_rack,
          vaults_room_pools, nicolae_vaults_alarming, layout_vaults_big_room,
          serial_shops, nicolae_shop_waterfront
Vaults:4: nicolae_vaults_gold_heap, nicolae_vaults_ring_of_whatevers,
          hangedman_vaults_locks, v_misc_16, hangedman_vaults_maws, v_rooms_4,
          nicolae_vaults_rhombus_6, v_rooms_4, v_pattern_1, v_alt_pattern_1,
          vaults_room_hallway, layout_vaults_ring
Vaults:5: uniq_frederick, uniq_mennas
Crypt:1:  layout_basic, basic_altar
Crypt:2:  layout_gridlike
Crypt:3:  lightli_unholy_cathedral, layout_chaotic_city, minmay_misc_feat_cross
Tomb:1:   uniq_boris
Tomb:2
Tomb:3
Depths:1: layout_honeycomb, enter_ziggurat_c, hell_entry, fedhas_altar_2,
          minislime_mu, uniq_sojobo
Depths:2: grunt_runaround [grunt_runaround_doors_1, grunt_runaround_doors_2,
          grunt_runaround_doors_3, grunt_runaround_doors_4,
          grunt_runaround_loot], hell_entry
Depths:3: minmay_containers, layout_gridlike, hell_entry, pan_entry
Depths:4: evilmike_lava_path, layout_gridlike, minmay_misc_feat_encased,
          hell_entry, serial_glass, glass_columns_a, glass_columns_a,
          glass_columns_b, glass_columns_b, glass_columns_a, glass_columns_a,
          glass_columns_a, glass_columns_a, glass_columns_c, glass_columns_b,
          glass_columns_c, glass_columns_c, glass_columns_a, glass_columns_a,
          abyss_entry_small_statue_room
Depths:5: grunt_zot_entry_alcove, layout_gridlike, hellmouth_1,
          nzn_wu_jian_council_hall
Hell
Dis:1:    layout_subdivisions
Dis:2:    layout_chaotic_city
Dis:3:    layout_gridville, hangedman_player_shredder
Dis:4:    layout_overlapping_boxes
Dis:5:    layout_subdivisions
Dis:6:    layout_jigsaw
Dis:7:    dis_grunt_layers
Geh:1:    layout_gehenna_lava_caves
Geh:2:    layout_gehenna_pools_box
Geh:3:    layout_gehenna_pools_box
Geh:4:    layout_gehenna_pools_box
Geh:5:    layout_gehenna_lava_caves, nicolae_geh_amphitheater
Geh:6:    layout_gehenna_pools_basic, lemuel_elevator
Geh:7:    geh_hangedman
Coc:1:    layout_ice_bergs
Coc:2:    layout_cocytus_water_paths
Coc:3:    layout_cocytus_water_paths
Coc:4:    layout_cocytus_water_paths
Coc:5:    layout_cocytus_water_paths
Coc:6:    layout_cocytus_delve, evilmike_ambush [evilmike_ambush_outer_pillars,
          evilmike_ambush_inner_pond]
Coc:7:    coc_old
Tar:1:    layout_catacombs
Tar:2:    layout_grid_maze
Tar:3:    layout_catacombs, hangedman_tartarus_temple_path,
          nicolae_tar_cuneiform_two
Tar:4:    layout_grid_maze
Tar:5:    layout_honeycomb, grunt_megastairs_3
Tar:6:    layout_honeycomb, nicolae_tar_cuneiform_heaven
Tar:7:    tar_mu [tar_mu_maze]
Zot:1:    lemuel_draconian_sentries_small, layout_gridville, st_stairs_3
Zot:2:    cheibrodos_zot_enchanting_chambers, layout_basic, lemuel_elevator,
          grunt_megastairs_5
Zot:3:    layout_gridville, zot_minivault_1
Zot:4:    lemuel_halls_of_wrath, layout_basic, grunt_ministairs_13,
          nrook_zot_tub
Zot:5:    layout_twisted_circle, st_stairs_9

Skill      XL: |  1  2  3  4  5  6  7  8  9 10 11 12 13 14 15 16 17 18 19 20 21 22 23 24 25 26 27 |
---------------+----------------------------------------------------------------------------------+-----
Axes           | 3 4 5 6 8 9 10 11 12 13 14 15 16 17 18 20 21 22 23 27 | 27.0
Dodging        | 2 3 4 5 6 7 8 9 10 11 16 | 16.4
Armour         | 3 4 5 7 8 9 10 11 12 13 14 15 16 17 18 19 20 21 22 27 | 27.0
Fighting       | 4 5 6 7 8 9 10 11 12 13 14 15 16 17 18 19 20 21 23 27 | 27.0
Evocations     | 4 6 7 8 9 10 12 | 12.7
Shields        | 2 5 6 10 12 14 15 16 | 16.0
Invocations    | 18 | 18.5
Translocations | 22 | 22.0
Spellcasting   | 23 | 23.1
Fire Magic     | 27 | 27.0
Earth Magic    | 23 | 23.6

Action                   |  1- 3 |  4- 6 |  7- 9 | 10-12 | 13-15 | 16-18 | 19-21 | 22-24 | 25-27 || total
-------------------------+-------+-------+-------+-------+-------+-------+-------+-------+-------++-------
Melee: Hand axe          |   133 |   203 |   440 |   909 |   413 |       |       |       |       ||  2098
       War axe           |       |       |       |       |  1021 |   908 |  1058 |   379 |       ||  3366
       Demon trident     |       |       |       |       |     2 |       |       |       |       ||     2
       Broad axe         |       |       |       |       |   160 |   307 |    10 |   898 |  3073 ||  4448
       Executioner's axe |       |       |       |       |       |       |       |       |  6202 ||  6202
       Headbutt          |       |       |       |       |       |       |       |       |  1284 ||  1284
       Unarmed           |       |       |       |       |       |       |       |       |     5 ||     5
Throw: Dart              |       |       |    19 |    22 |    25 |     2 |     6 |     1 |     9 ||    84
 Cast: Manifold Assault  |       |       |       |       |       |       |       |       |   225 ||   225
       Ignition          |       |       |       |       |       |       |       |       |     5 ||     5
Invok: Berserk           |     1 |     3 |     5 |    12 |     6 |    10 |       |       |       ||    37
       Trog's Hand       |       |     1 |     2 |     3 |       |     9 |     2 |     2 |     4 ||    23
       Brothers in Arms  |       |       |       |       |       |     3 |       |       |     7 ||    10
       Cleansing Flame   |       |       |       |       |       |       |       |       |    40 ||    40
       Summon Divine War |       |       |       |       |       |       |       |       |    17 ||    17
       Divine Shield     |       |       |       |       |       |       |       |       |     8 ||     8
       Brand Weapon With |       |       |       |       |       |       |       |       |     1 ||     1
Evoke: Wand              |       |       |       |     4 |     2 |    62 |     4 |     1 |    13 ||    86
       Lightning rod     |       |       |       |       |       |       |       |     4 |     2 ||     6
       Tin of tremorston |       |       |       |       |       |       |       |       |     6 ||     6
       Phial of floods   |       |       |       |       |       |       |       |       |     1 ||     1
       Condenser vane    |       |       |       |       |       |       |       |       |     2 ||     2
       Phantom mirror    |       |       |       |       |       |       |       |       |     1 ||     1
  Use: Scroll            |       |     6 |     5 |     3 |    15 |     5 |     2 |    17 |    51 ||   104
       Potion            |       |       |     3 |     1 |     1 |     2 |     5 |     2 |    32 ||    46
 Stab: Invisible         |       |       |       |       |       |       |       |       |     3 ||     3
       Distracted        |       |       |       |       |       |       |       |       |     2 ||     2
       Confused          |       |       |       |       |       |       |       |       |     1 ||     1
Armor: Animal skin       |     8 |       |       |       |       |       |       |       |       ||     8
       Leather armour    |    41 |       |       |       |       |       |       |       |       ||    41
       Ring mail         |     6 |    98 |   238 |    41 |       |       |       |       |       ||   383
       Chain mail        |       |       |       |   548 |   935 |   784 |   316 |   351 |       ||  2934
       Acid dragon scale |       |       |       |       |     8 |       |       |       |       ||     8
       Gold dragon scale |       |       |       |       |       |       |       |   181 |  6149 ||  6330
       Skin              |       |       |       |       |       |       |       |       |   107 ||   107
Dodge: Dodged            |    79 |   112 |   292 |   459 |   706 |   480 |   302 |   326 |  3847 ||  6603
Block: Buckler           |       |       |       |       |   315 |     4 |       |       |       ||   319
       Kite shield       |       |       |       |       |       |   702 |   778 |  1055 |  1908 ||  4443
       Reflection        |       |       |       |       |       |       |   121 |    23 |    63 ||   207
       Other             |       |       |       |       |       |       |       |       |    82 ||    82
